 Dungeon Crawl Stone Soup version 0.19.1-1-g22dce08 (webtiles) character file.

4125 Jynx the Merchant of Misery (level 10, -5/63 HPs)
             Began as a Vampire Necromancer on Jan 15, 2017.
             Was a Believer of Kikubaaqudgha.
             Slain by an eight-headed hydra (8 damage)
             ... on level 1 of the Lair of Beasts.
             The game lasted 00:34:24 (13391 turns).

Jynx the Merchant of Misery (Vampire Necromancer)  Turns: 13391, Time: 00:34:26

Health: -5/63      AC:  0    Str:  8    XL:     10   Next: 6%
Magic:  9/20       EV:  5    Int: 19    God:    Kikubaaqudgha [**....]
Gold:   337        SH:  0    Dex: 21    Spells: 7 memorised, 4 levels left

rFire  . . .     SeeInvis +     (weapon currently unavailable)
rCold  . . .     Gourm    .     (armour currently unavailable)
rNeg   + + +     Faith    .     (shield currently unavailable)
rPois  ∞         Spirit   .     (helmet currently unavailable)
rElec  .         Reflect  .     (cloak currently unavailable)
rCorr  .         Harm     .     (gloves currently unavailable)
MR     +....                    (boots currently unavailable)
Stlth  +++++.....               H - amulet of magic regeneration
                                (ring currently unavailable)
                                (ring currently unavailable)

@: bat-form, petrified, flying, very quick
A: fangs 3, see invisible, (unbreathing)
a: End Transformation, Receive Corpses, Renounce Religion


You were on level 1 of the Lair of Beasts.
You worshipped Kikubaaqudgha.
Kikubaaqudgha was pleased with you.
You were not thirsty.
You were in vampire-bat-form.
You visited 3 branches of the dungeon, and saw 11 of its levels.

You collected 337 gold pieces.

Inventory:

Hand Weapons
 x - a +4 quarterstaff of chaos (melded)
 E - a +2 dagger of speed
 J - a +2 vampiric dagger
 R - a +0 long sword
Armour
 a - a +1 robe (melded)
 o - a +0 cloak (melded)
 p - a +0 pair of boots (melded)
 s - a +1 helmet (melded)
Jewellery
 n - a ring of protection from fire (melded)
 y - an uncursed ring of protection from fire
 A - a ring of wizardry (melded)
 C - a +6 ring of strength {unknown}
 H - an amulet of magic regeneration (around neck)
 N - a +5 ring of evasion {unknown}
 S - an uncursed ring of protection from fire
Wands
 t - a wand of iceblast (0/15)
 w - a wand of disintegration (12/24)
 I - a wand of polymorph (18/24)
 M - a wand of acid (8/15)
 O - a wand of paralysis (14/24)
Scrolls
 c - a scroll of fear
 f - 2 scrolls of recharging
 g - 3 scrolls of amnesia
 j - 2 scrolls of blinking
 m - 5 scrolls of magic mapping
 r - 6 scrolls of remove curse
 D - 5 scrolls of teleportation
 L - a scroll of enchant armour
 P - a scroll of fog
 Q - a scroll of immolation {unknown}
Potions
 d - 4 potions of agility
 e - 2 potions of mutation
 h - 3 potions of curing
 i - 2 potions of might
 l - 4 potions of heal wounds
 q - a potion of flight
 u - a potion of invisibility
 v - a potion of magic
 z - a potion of berserk rage
 B - a potion of ambrosia {unknown}
 F - 2 potions of brilliance
 G - a potion of lignification {unknown}
 K - a potion of cure mutation {unknown}
Books
 b - a book of Necromancy

   Spells                             Type                      Level
   a - Pain                           Necromancy                   1
   b - Animate Skeleton               Necromancy                   1
   c - Vampiric Draining              Necromancy                   3
   d - Regeneration                   Charms/Necromancy            3
   e - Animate Dead                   Necromancy                   4
   f - Control Undead                 Necromancy                   4
 k - Kikubaaqudgha's Volume of Black Rites
   (Kikubaaqudgha gifted it to you on level 7 of the Dungeon)

   Spells                             Type                      Level
   a - Pain                           Necromancy                   1
   b - Corpse Rot                     Necromancy                   2
   c - Sublimation of Blood           Necromancy                   2
   d - Regeneration                   Charms/Necromancy            3
   e - Control Undead                 Necromancy                   4


   Skills:
 + Level 7.7 Short Blades
 - Level 2.1 Dodging
 - Level 3.0 Stealth
 + Level 6.9 Spellcasting
 * Level 12.0 Necromancy


You had 4 spell levels left.
You knew the following spells:

 Your Spells              Type           Power        Failure   Level  Hunger
a - Pain                  Necr           ####         1%          1    None
b - Animate Skeleton      Necr           N/A          1%          1    None
c - Vampiric Draining     Necr           ######....   1%          3    #......
d - Regeneration          Chrm/Necr      ####......   2%          3    #......
e - Control Undead        Necr           ######....   1%          4    ###....
f - Animate Dead          Necr           N/A          1%          4    ###....
g - Sublimation of Blood  Necr           ######....   1%          2    None


Dungeon Overview and Level Annotations

Branches:
Dungeon (9/15)             Temple (1/1) D:6            Lair (1/6) D:8
    Orc: D:9-12

Altars:
Ashenzari
Cheibriados
Elyvilon
Fedhas
Gozag
Kikubaaqudgha
Okawaru
Qazlal
Sif Muna
Trog
Uskayaw
Vehumet
Xom
Zin
The Shining One

Annotations:
D:3 Grinder
D:4 Aramant's ghost, amateur DrBe


Innate Abilities, Weirdness & Mutations

You have razor-sharp teeth.
You have supernaturally acute eyesight. (SInv)
((You can survive without breathing.))


Message History

The eight-headed hydra bites you. The eight-headed hydra bites you!
The eight-headed hydra barely misses you.
The eight-headed hydra bites you! The eight-headed hydra bites you.
The eight-headed hydra barely misses you.
The eight-headed hydra bites you!
* * * LOW HITPOINT WARNING * * *
The eight-headed hydra barely misses you.
The eight-headed hydra bites you.
* * * LOW HITPOINT WARNING * * *
The eight-headed hydra bites you!
* * * LOW HITPOINT WARNING * * *
The eight-headed hydra bites you.
* * * LOW HITPOINT WARNING * * *
The eight-headed hydra bites you.
* * * LOW HITPOINT WARNING * * *
The eight-headed hydra bites you.
* * * LOW HITPOINT WARNING * * *
The eight-headed hydra bites you. The eight-headed hydra bites you!
You die...
Kikubaaqudgha rasps: "You have failed me!
Welcome... oblivion!"

...## #..##
.....##...#
......#..##
.........# ........##
.........#
.....(...###
..........P##
.........b..## ### ##
....%...##Dl.###P##.#
.......##.#H.......#
......# ###.......##
...... ##.......##
..... ##.l.....(.###
.# ##H...........#
##.........#...#
##.........## .....


You could see an eight-headed hydra, a hippogriff and a basilisk.

Vanquished Creatures
  A komodo dragon (Lair:1)
  Prince Ribbit (D:6)
  A hippogriff (D:7)
  Sigmund (D:3)
  Eustachio (D:4)
  The ghost of tschems the Shield-Bearer, an amateur HuFi of Makhleb (D:6)
  A hungry ghost (D:7)
  Duvessa (D:6)
  An orc warrior (D:8)
  A sky beast (Temple)
  3 phantoms
  A necrophage (D:6)
  4 ogres
  6 centaurs
  A crocodile (Lair:1)
  Blork the orc (D:6)
  2 bullfrogs
  Dowan (D:6)
  A wyvern skeleton (D:8)
  A water moccasin skeleton (D:6)
  3 crimson imps
  3 centaur skeletons
  2 orc priests
  4 hounds
  Crazy Yiuf (D:3)
  An iguana (D:7)
  Jessica (D:2)
  Terence (D:2)
  8 orc wizards
  9 worker ants
  A hound zombie (D:5)
  Robin (D:2)
  A worker ant zombie (D:5)
  3 gnolls (D:7)
  11 adders
  A river rat (D:8)
  A shadow imp (D:6)
  An ooze (D:7)
  2 adder skeletons
  A worm (D:4)
  3 dart slugs
  5 leopard geckos
  24 orcs
  4 ball pythons
  13 bats
  4 giant cockroaches
  12 goblins
  10 hobgoblins
  19 jackals
  7 kobolds
  4 quokkas
  7 frilled lizards
  10 rats
  A fungus (D:8)
210 creatures vanquished.

Vanquished Creatures (collateral kills)
  A crimson imp (D:4)
  A hound (D:7)
  An orc wizard (D:4)
  A shadow imp (D:8)
4 creatures vanquished.

Vanquished Creatures (others)
  A fungus (D:8)
1 creature vanquished.

Grand Total: 215 creatures vanquished

Notes
Turn   | Place    | Note
-------+----------+-------------------------------------------
     0 | D:1      | Jynx the Vampire Necromancer began the quest for the Orb.
     0 | D:1      | Reached XP level 1. HP: 13/13 MP: 3/3
   153 | D:1      | Reached XP level 2. HP: 16/19 MP: 0/5
   418 | D:1      | Reached skill level 5 in Necromancy
   618 | D:1      | Reached XP level 3. HP: 17/24 MP: 4/6
  1011 | D:1      | Learned a level 1 spell: Animate Skeleton
  1015 | D:1      | Learned a level 3 spell: Vampiric Draining
  1272 | D:2      | Noticed Jessica
  1277 | D:2      | Killed Jessica
  1302 | D:2      | HP: 1/24 [adder (5)]
  1619 | D:2      | Reached XP level 4. HP: 13/30 MP: 1/8
  2028 | D:2      | Reached skill level 1 in Short Blades
  2144 | D:2      | Noticed Robin
  2267 | D:2      | Killed Robin
  2479 | D:2      | Noticed Terence
  2485 | D:2      | Learned a level 3 spell: Regeneration
  2492 | D:2      | Killed Terence
  2492 | D:2      | Reached XP level 5. HP: 28/35 MP: 2/9
  2793 | D:2      | Reached skill level 6 in Necromancy
  3164 | D:3      | Noticed Sigmund
  3288 | D:3      | Killed Sigmund
  3288 | D:3      | Reached XP level 6. HP: 17/41 MP: 1/11
  3774 | D:3      | Noticed Grinder
  4224 | D:3      | Found a runed door.
  4228 | D:3      | Noticed Crazy Yiuf
  4234 | D:3      | Killed Crazy Yiuf
  4317 | D:3      | Learned a level 4 spell: Control Undead
  4761 | D:4      | Reached skill level 7 in Necromancy
  5077 | D:4      | Reached XP level 7. HP: 25/46 MP: 4/13
  5173 | D:4      | Noticed Aramant's ghost (amateur DrBe)
  5201 | D:4      | Noticed Eustachio
  5313 | D:4      | Killed Eustachio
  5313 | D:4      | Reached skill level 8 in Necromancy
  5604 | D:5      | Entered Level 5 of the Dungeon
  5922 | D:5      | Reached XP level 8. HP: 31/52 MP: 10/15
  6516 | D:5      | HP: 2/52 [centaur/arrow (7)]
  7469 | D:5      | Reached skill level 9 in Necromancy
  7480 | D:5      | Reached skill level 5 in Short Blades
  7480 | D:5      | Reached skill level 5 in Spellcasting
  7623 | D:6      | Found a staircase to the Ecumenical Temple.
  7623 | D:6      | Noticed tschems's ghost (amateur HuFi)
  7632 | Temple   | Entered the Ecumenical Temple
  7735 | Temple   | Became a worshipper of Kikubaaqudgha
  9020 | D:6      | Noticed Duvessa
  9080 | D:6      | Noticed Dowan
  9083 | D:6      | Your ally tschems died
  9098 | D:6      | Killed Duvessa
  9108 | D:6      | Reached skill level 10 in Necromancy
  9112 | D:6      | Killed Dowan
  9120 | D:6      | Learned a level 4 spell: Animate Dead
  9411 | D:6      | Noticed Prince Ribbit
  9437 | D:6      | Killed Prince Ribbit
  9437 | D:6      | Reached XP level 9. HP: 19/57 MP: 10/17
  9798 | D:6      | Noticed Blork the orc
  9806 | D:6      | Killed Blork the orc
  9983 | D:7      | Reached * piety under Kikubaaqudgha
  9983 | D:7      | Identified Kikubaaqudgha's Volume of Black Rites (Kikubaaqudgha gifted it to you on level 7 of the Dungeon)
  9983 | D:7      | Received a gift from Kikubaaqudgha
  9998 | D:7      | Learned a level 2 spell: Sublimation of Blood
 10837 | D:7      | Reached skill level 11 in Necromancy
 11024 | D:7      | Found a white marble altar of Elyvilon.
 11025 | D:7      | Found a shimmering altar of Xom.
 11552 | D:8      | Reached ** piety under Kikubaaqudgha
 11619 | D:8      | Found a staircase to the Lair.
 12882 | Lair:1   | Entered Level 1 of the Lair of Beasts
 12883 | Lair:1   | Noticed a komodo dragon
 12890 | Lair:1   | Killed a komodo dragon
 13039 | D:8      | Reached XP level 10. HP: 50/63 MP: 9/20
 13279 | D:8      | Reached skill level 12 in Necromancy
 13300 | Lair:1   | Noticed an eight-headed hydra
 13391 | Lair:1   | HP: 3/63 [eight-headed hydra (1)]
 13391 | Lair:1   | Slain by an eight-headed hydra

Skill      XL: |  1  2  3  4  5  6  7  8  9 10 |
---------------+-------------------------------+-----
Necromancy     | 5 6 7 8 10 11 12 | 12.0
Spellcasting   | 3 4 5 6 |  6.9
Short Blades   | 1 2 3 4 6 7 |  7.7
Dodging        | |  2.1
Stealth        | |  3.0

Action                   |  1- 3 |  4- 6 |  7- 9 | 10-12 || total
-------------------------+-------+-------+-------+-------++-------
Melee: Unarmed           |    17 |       |       |       ||    17
       Short sword       |    17 |     3 |   178 |       ||   198
       Bite              |       |     1 |    26 |     2 ||    29
       Quarterstaff      |       |       |   161 |    26 ||   187
 Cast: Pain              |    46 |   129 |   225 |    25 ||   425
       Vampiric Draining |     2 |     2 |    36 |     4 ||    44
       Control Undead    |       |       |    16 |       ||    16
       Regeneration      |       |       |     6 |     1 ||     7
       Animate Dead      |       |       |     3 |       ||     3
       Animate Skeleton  |       |       |     9 |       ||     9
 Abil: Bat Form          |     1 |       |       |     2 ||     3
       End Transformatio |     1 |       |       |     1 ||     2
Evoke: Wand              |       |     2 |       |       ||     2
  Use: Scroll            |     7 |     5 |     9 |       ||    21
 Stab: Sleeping          |       |       |     1 |       ||     1
       Petrified         |       |       |     4 |       ||     4
       Paralysed         |       |       |     1 |       ||     1
  Eat: Corpse            |     2 |    10 |    21 |     1 ||    34
Armor: Robe              |    12 |     8 |   151 |     9 ||   180
Dodge: Dodged            |    45 |    19 |   287 |    33 ||   384
